 Dungeon Crawl Stone Soup version 0.32-a0-361-g289a535e89 (webtiles) character file.

Game seed: 5636984953367714704

28 promet the Gusty (level 3, -10/19 HPs)
             Began as a Deep Elf Air Elementalist on Feb 19, 2024.
             Killed by an exploding bat (28 damage)
             ... ignited by their inner flame
             ... on level 2 of the Dungeon.
             The game lasted 00:06:19 (1170 turns).

promet the Gusty (Deep Elf Air Elementalist)        Turns: 1170, Time: 00:06:19

Health: -10/19     AC:  2    Str:  7    XL:     3   Next: 0%
Magic:  10/10      EV: 12    Int: 19    God:
Gold:   73         SH:  0    Dex: 15    Spells: 6/9 levels left

rFire   . . .        a - +1 whip (elec)
rCold   . . .        (no shield)
rNeg    . . .        c - +0 robe
rPois   .            (no helmet)
rElec   .            (no cloak)
rCorr   .            (no gloves)
SInv    .            (no boots)
Will    .....        (no amulet)
Stlth   ++           (no ring)
HPRegen 0.23/turn    (no ring)
MPRegen 0.12/turn

%: no passive effects
@: no status effects
A: no striking features
a: no special abilities


You were on level 2 of the Dungeon.
You visited 1 branch of the dungeon, and saw 2 of its levels.

You collected 73 gold pieces.

Inventory:

Hand Weapons
 a - a +1 whip of electrocution (weapon)
 h - a +0 short sword
Missiles
 d - 7 stones
Armour
 c - a +0 robe (worn)
Magical Staves
 e - a staff of air
Scrolls
 i - a scroll of identify {unknown}
Potions
 b - a potion of magic
 f - a potion of attraction {unknown}
 j - a potion of lignification {unknown}


   Skills:
 * Level 0.3 Fighting
 + Level 2.4 Dodging
 + Level 2.6 Stealth
 + Level 3.7 Spellcasting
 + Level 1.2 Conjurations
 + Level 3.9 Air Magic


You had 6 spell levels left.
You knew the following spells:

 Your Spells              Type           Power      Damage    Failure   Level
a - Shock                 Conj/Air       52%        1d6       4%          1
b - Static Discharge      Conj/Air       26%        3-5/arc   8%          2

Your spell library contained the following spells:

 Spells                   Type           Power      Damage    Failure   Level
 Swiftness                Air            18%        N/A       9%          3
 Airstrike                Air            9%         2d(2-18)  28%         4


Dungeon Overview and Level Annotations

Branches:
Dungeon (2/15)

Altars:


Message History

You now have 73 gold pieces (gained 7).
j - a bubbling ruby potion
Found a short sword.
You see here a +0 short sword.
Done exploring.
Done exploring.
There is a stone staircase leading down here.
You climb downwards.
A malevolent force fills the Dungeon... and a teleportation trap spontaneously manifests!
You are yanked towards some nearby monsters!
Your surroundings suddenly seem different.
A ball python, a rat, a ribbon worm and a bat come into view.
Found a cloak, a fuming sapphire potion, 8 stones and 12 gold pieces.
You barely miss the rat.
The rat squeaks loudly.
The bat hits you but does no damage.
A ribbon worm comes into view.
The rat closely misses you.
A kobold comes into view. It is wielding a +0 club.
You can't go up here!
You can't go up here!
You can't go up here!
As you read the scroll labelled VUTYGOT KAUVAPS, it crumbles to dust.
The creatures around you are filled with an inner flame!
It was a scroll of immolation.
The bat misses you. The bat hits you but does no damage.
The rat barely misses you.
Okay, then.
Found 15 gold pieces.
The bat hits you but does no damage. The rat attacks as it pursues you!
The rat bites you.
A goblin comes into view. It is wielding a +0 club.
The bat barely misses you. As you open the door, it creaks loudly!
The goblin shouts!
The bat hits you. The rat bites you but does no damage.
The rat twitches its whiskers.
There is an open door here.
You hit the bat.
Flame seeps out of the bat.
Lightning courses through the bat!
The bat explodes!
The fiery explosion engulfs you!!
Ouch! That really hurt!
You die...

## . .### .. ##
..( . ##K#.# #.#
#.$
##.....##.##....
....wS..........
[..#####....##.
#####r...##.
+..@○§...!...
#####§...####
..$..g..
######... ... .≈


You could see a goblin and a rat (inner flame).

Vanquished Creatures
  4 endoplasms (D:1)
  2 giant cockroaches (D:1)
  A goblin (D:1)
  A quokka (D:1)
  2 ball pythons (D:1)
  3 bats
  A frilled lizard (D:1)
  3 kobolds (D:1)
17 creatures vanquished.

Notes
Turn   | Place    | Note
-------+----------+-------------------------------------------
     0 | D:1      | promet the Deep Elf Air Elementalist began the quest for
                  | the Orb.
     0 | D:1      | Reached XP level 1. HP: 10/10 MP: 6/6
   302 | D:1      | Reached XP level 2. HP: 15/15 MP: 6/8
   305 | D:1      | Learned a level 2 spell: Static Discharge
  1063 | D:1      | Reached XP level 3. HP: 19/19 MP: 10/10
  1170 | D:2      | Killed by an exploding bat... ignited by their inner flame

Illustrated notes

Levels and vault maps discovered:
D:1:      lightli_iron_boxes, layout_rooms,
          wander_ebering_terrifying_dragon_lair
D:2:      layout_basic, serial_shops, nicolae_shop_peninsula, basic_altar,
          serial_glass, glass_columns_a, glass_columns_b, grunt_ministairs_14,
          minmay_misc_feat_tiny, chequers_mini_garden, minmay_ruptured

Action                     || total
---------------------------++-------
  Melee: Short sword       ||     4
         Whip              ||     5
   Cast: Shock             ||    22
         Static Discharge  ||     1
    Use: Scroll            ||     2
 Armour: Robe              ||    12
  Dodge: Dodged            ||    12

Table legend: (Time is in decaauts)
 A = Elapsed time spent in this place.
 B = Non-inter-level travel time spent in this place.
 C = Inter-level travel time spent in this place.
 D = Time resting spent in this place.
 E = Time spent auto-exploring this place.
 F = Levels seen in this place.
 G = Mean time per level.
                   A        B        C        D        E       F      G
               +--------+--------+--------+--------+--------+-----+--------+
         Total |   1169 |   1148 |     21 |    512 |    260 |   2 |  584.5 |
       Dungeon |   1169 |   1148 |     21 |    512 |    260 |   2 |  584.5 |
               +--------+--------+--------+--------+--------+-----+--------+

Top non-repeatable levels by time:
     D:1: 1158 daAuts
     D:2: 10 daAuts
